 Dungeon Crawl Stone Soup version 0.19.5 (webtiles) character file.

147 Santreim the Shield-Bearer (level 5, -3/46 HPs)
             Began as a Minotaur Fighter on Mar 14, 2017.
             Slain by Grinder (9 damage)
             ... while paralysed by Grinder
             ... on level 3 of the Dungeon.
             The game lasted 00:04:52 (2177 turns).

Santreim the Shield-Bearer (Minotaur Fighter)       Turns: 2177, Time: 00:04:53

Health: -3/46      AC:  7    Str: 26    XL:     5   Next: 7%
Magic:  4/4        EV:  2    Int:  5    God:
Gold:   73         SH:  0    Dex: 10    Spells: 0 memorised, 4 levels left

rFire  . . .     SeeInvis .     r - -2 flail (curse)
rCold  . . .     Gourm    .     b - +0 scale mail
rNeg   . . .     Faith    .     c - +0 shield
rPois  .         Spirit   .     (helmet restricted)
rElec  .         Reflect  .     (no cloak)
rCorr  .         Harm     .     (no gloves)
MR     .....                    (no boots)
Stlth  ..........               (no amulet)
                                (no ring)
                                (no ring)

@: paralysed, mighty
A: retaliatory headbutt, horns 2
a: no special abilities


You were on level 3 of the Dungeon.
You were not hungry.

You visited 1 branch of the dungeon, and saw 3 of its levels.

You collected 73 gold pieces.

Inventory:

Hand Weapons
 a - a +0 flail
 r - a cursed -2 flail (weapon)
Missiles
 s - 2 tomahawks (quivered)
Armour
 b - a +0 scale mail (worn)
 c - a +0 shield (worn)
Scrolls
 j - 3 scrolls of enchant weapon
 k - a scroll of amnesia
 l - 2 scrolls of fog
Potions
 e - a potion of curing {unknown}
 g - a potion of flight {unknown}
 i - a potion of brilliance {unknown}
 n - a potion of mutation {unknown}
 q - a potion of haste {unknown}
Comestibles
 f - 3 bread rations
 o - a meat ration
 p - a beef jerky


   Skills:
 + Level 4.0 Fighting
 + Level 3.9 Maces & Flails
 + Level 4.7 Armour
 + Level 1.0 Dodging
 + Level 0.1 Stealth
 + Level 4.8 Shields


You had 4 spell levels left.
You didn't know any spells.

Dungeon Overview and Level Annotations

Branches:
Dungeon (3/15)

Altars:

Annotations:
D:3 Grinder


Innate Abilities, Weirdness & Mutations

You reflexively headbutt those who attack you in melee.
You have a pair of horns on your head.


Message History

a club; 6 javelins You miss the goblin.
Your headbutt misses the goblin. You block the goblin's attack. x2
You closely miss the goblin. You headbutt the goblin.
You kill the goblin!
Grinder says, "Wait up."
You sock the rat!
You kill the rat!
Grinder gestures at you. Pain shoots through your body!
* * * LOW HITPOINT WARNING * * *
Grinder gestures at you. You resist with significant effort.
You can't unwield your weapon to draw a new one!
You feel very mighty all of a sudden. Grinder gestures at you.
You suddenly lose the ability to move!
Grinder says, "DUCK!"
Grinder hits you!
You die...

.....................
..........#.......#.#
........##.....#+##.#
.......#.#..####.##.#
.....##.#...####.##.#
....# #......##.##.#
#..# #......##.##.#
#.. #.......'.....# #
#........##@####.#.#
#........##5)(.....#
#........####........#
#........# #........#
.#.......# #........#
.#.....## #........#
#..... .........#
##+#+#####


You could see Grinder.

Vanquished Creatures
  An orc priest (D:3)
  3 gnolls (D:2)
  3 adders (D:2)
  A worm (D:2)
  2 dart slugs (D:2)
  A leopard gecko (D:1)
  3 orcs (D:3)
  9 bats
  3 giant cockroaches
  6 goblins
  7 hobgoblins
  A frilled lizard (D:1)
  7 kobolds
  5 rats
52 creatures vanquished.

Notes
Turn   | Place    | Note
-------+----------+-------------------------------------------
     0 | D:1      | Santreim the Minotaur Fighter began the quest for the Orb.
     0 | D:1      | Reached XP level 1. HP: 19/19 MP: 0/0
   106 | D:1      | Reached XP level 2. HP: 27/27 MP: 1/1
   945 | D:2      | Reached XP level 3. HP: 33/33 MP: 2/2
  1283 | D:2      | Reached XP level 4. HP: 19/40 MP: 3/3
  2039 | D:3      | Reached skill level 1 in Dodging
  2046 | D:3      | Reached XP level 5. HP: 35/46 MP: 4/4
  2156 | D:3      | Noticed Grinder
  2176 | D:3      | Paralysed by Grinder for 6 turns
  2177 | D:3      | Slain by Grinder

Skill      XL: |  1  2  3  4 |
---------------+-------------+-----
Shields        | 4 |  4.8
Armour         | 4 |  4.7
Maces & Flails | 3 |  3.9
Dodging        | 1 |  1.0
Fighting       | 4 |  4.0
Stealth        | |  0.1

Action                   |  1- 3 |  4- 6 || total
-------------------------+-------+-------++-------
Melee: Flail             |    78 |    56 ||   134
       Headbutt          |    13 |     7 ||    20
  Use: Scroll            |       |     5 ||     5
       Potion            |       |     1 ||     1
  Eat: Chunk             |     1 |     3 ||     4
Armor: Scale mail        |    49 |    31 ||    80
Dodge: Dodged            |    36 |    26 ||    62
Block: Shield            |    50 |    49 ||    99
